AoeStats
← Dorotheos Monomachos

Hideout

509392572Analyzed
1v1 RM · 6d ago on Sep 26, 2026· 41m 42s· 2 players
Game mode
Random Map
Map size
Tiny (2 player)
Population
200
Speed
Normal
Resources
Standard
Victory
Conquest
Starting age
Dark Age
Ending age
Imperial Age
RankedLock teamsTeams togetherTeam positionsShared explorationLock speedFull tech treeHidden civsTurbo modeCheats
Victory
Defeat
🇬🇷 Magyars · Greece
1095
+17
🇪🇸 Bohemians · Spain
1115
-17
Dorotheos Monomachos
7:49 Loom
10:06 Feudal Age
10:15 Man-at-Arms
10:50 Double-Bit Axe
11:40 Horse Collar
17:16 Fletching
21:01 Castle Age
21:28 Gold Mining
21:44 Scale Barding Armor
21:55 Bloodlines
22:22 Wheelbarrow
23:55 Chain Barding Armor
37:56 Imperial Age
37:32 Bow Saw
40:20 Corvinian Army
Orujillo
10:04 Feudal Age
9:53 Loom
15:15 Castle Age
24:17 Fervor
29:48 Sanctity
29:34 Double-Bit Axe
30:18 Redemption
37:37 Imperial Age
37:39 Chemistry
37:13 Pikeman
Connection lost

Rejoining the realm…

Still unreachable

The connection could not be restored.

Session expired

The server has moved on; the page needs a fresh start.